 Dungeon Crawl Stone Soup version 0.17.0-28-g6e173f8 (webtiles) character file.

84 gorblad the Shield-Bearer (level 4, 0/28 HPs)
             Began as a Gargoyle Fighter on Dec 3, 2015.
             Killed by nerve-wracking pain
             ... invoked by Grinder
              (8 damage)
             ... on level 3 of the Dungeon.
             The game lasted 00:03:55 (1274 turns).

gorblad the Shield-Bearer (Gargoyle Fighter)        Turns: 1274, Time: 00:03:57

Health: 0/28       AC: 13    Str: 21    XL:     4   Next: 46%
Magic:  4/4        EV:  7    Int:  8    God:
Gold:   196        SH:  9    Dex:  9    Spells: 0 memorised, 3 levels left

rFire  . . .     SeeInvis .     a - +0 flail
rCold  . . .     Clarity  .     b - +0 scale mail
rNeg   + . .     SustAt   .     c - +0 shield
rPois  ∞         Gourm    .     l - +0 helmet
rElec  +         Spirit   .     k - +0 cloak
rCorr  .         Warding  .     (no gloves)
rMut   .         Stasis   .     (no boots)
MR     .....                    (no amulet)
Stlth  ..........               (no ring)
                                (no ring)

@: not resistant to hostile enchantments, extremely unstealthy
A: negative energy resistance 1, electricity resistance, unbreathing,
petrification resistance, rot immunity, AC +3
a: no special abilities


You were on level 3 of the Dungeon.
You were hungry.

You visited 1 branch of the dungeon, and saw 3 of its levels.

You collected 196 gold pieces.

Inventory:

Hand Weapons
 a - a +0 flail (weapon)
Missiles
 j - 6 tomahawks (quivered)
Armour
 b - a +0 scale mail (worn)
 c - a +0 shield (worn)
 k - a +0 cloak (worn)
 l - a +0 helmet (worn)
Jewellery
 o - an uncursed ring of wizardry {unknown}
Scrolls
 g - a scroll of identify
Potions
 d - 2 potions of might
 h - a potion of curing
 n - a potion of lignification {unknown}
Comestibles
 e - 2 bread rations
 f - a chunk of flesh
 i - a beef jerky


   Skills:
 - Level 3.2 Fighting
 - Level 2.0 Maces & Flails
 + Level 4.4 Armour
 + Level 4.7 Shields


You had 3 spell levels left.
You didn't know any spells.

Dungeon Overview and Level Annotations

Branches:
Dungeon (3/15)

Altars:
Elyvilon

Annotations:
D:3 Grinder


Innate Abilities, Weirdness & Mutations

You are resistant to torment.
Your stone body is resilient (AC +3).
You are immune to poison.
You resist negative energy.
You are resistant to electric shocks.
You can survive without breathing.
You are immune to petrification.
You are immune to rotting.


Message History

Grinder is lightly wounded.
You block the giant cockroach's attack. Grinder hits you but does no damage.
You hit Grinder.
Grinder is lightly wounded.
The giant cockroach barely misses you. Grinder hits you.
* * * LOW HITPOINT WARNING * * *
The giant cockroach closely misses you.
You are too injured to fight recklessly!
You are too injured to fight recklessly!
You are too injured to fight recklessly!
You are too injured to fight recklessly!
You are too injured to fight recklessly!
Your shield and scale mail prevent you from hitting Grinder.
Grinder is lightly wounded.
Grinder gestures.
Grinder blinks!
The giant cockroach bites you but does no damage.
Grinder gestures at you. Pain shoots through your body!
You die...

.###.####.####........#####
.# . #...####..# .#
#.......#.### ..
#....##.#... #..).##+#.##.
#..........# #
####..........#
.......§s.....#
####...@##....... ####)#
###.##. #............#
#............#
#.......5....#
#.............
#...........#.
...............
##...........##


You could see Grinder and a giant cockroach.

Vanquished Creatures
  3 adders
  3 oozes (D:2)
  A giant gecko (D:1)
  2 orcs (D:3)
  12 hobgoblins
  2 jackals (D:3)
  3 bats
  A giant newt (D:2)
  5 goblins
  5 kobolds
  5 rats
42 creatures vanquished.

Notes
Turn   | Place    | Note
--------------------------------------------------------------
     0 | D:1      | gorblad the Gargoyle Fighter began the quest for the Orb.
     0 | D:1      | Reached XP level 1. HP: 14/14 MP: 1/1
   184 | D:1      | Reached XP level 2. HP: 17/19 MP: 2/2
   741 | D:2      | Reached skill level 4 in Shields
   741 | D:2      | Reached XP level 3. HP: 21/23 MP: 3/3
   864 | D:2      | Found a white marble altar of Elyvilon.
  1029 | D:2      | Reached XP level 4. HP: 26/28 MP: 4/4
  1223 | D:3      | Noticed Grinder
  1274 | D:3      | Killed from afar by Grinder

Action                   |  1- 3 |  4- 6 || total
-------------------------+-------+-------++-------
Melee: Flail             |   119 |    69 ||   188
Throw: Tomahawk          |     1 |       ||     1
  Use: Scroll            |     4 |     2 ||     6
       Potion            |       |     2 ||     2
  Eat: Chunk             |     1 |       ||     1
